 Dungeon Sprint DCSS version 0.21.2 (webtiles) character file.

65 Fang the Skirmisher (level 4, -1/32 HPs)
             Began as a Gargoyle Berserker on Dec 21, 2018.
             Was an Elder of Trog.
             Slain by an orc wizard
             ... wielding a +0 dagger
              (3 damage)
             ... in the Dungeon (Sprint VII: "The Pits").
             The game lasted 00:00:22 (303 turns).

Fang the Skirmisher (Gargoyle Berserker)             Turns: 303, Time: 00:00:23

Health: -1/32      AC:  5    Str: 21    XL:     4   Next: 14%
Magic:  4/4        EV: 12    Int:  8    God:    Trog [****..]
Gold:   0          SH:  0    Dex:  9    Spells: 3/3 levels left

rFire    . . .     SeeInvis .   j - +2 hand axe
rCold    . . .     Gourm    .   (no shield)
rNeg     + . .     Faith    .   b - +0 animal skin
rPois    ∞         Spirit   .   (no helmet)
rElec    +         Reflect  .   (no cloak)
rCorr    .         Harm     .   (no gloves)
MR       .....     NoTele   +   (no boots)
Stlth    +.........             (no amulet)
HPRegen  0.10/turn              (no ring)
MPRegen  0.09/turn              (no ring)

@: confused
A: negative energy resistance 1, electricity resistance, unbreathing,
petrification resistance, rot immunity, AC +3
a: Berserk, Trog's Hand, Brothers in Arms, Burn Spellbooks, Renounce Religion


You were in the Dungeon.
You worshipped Trog.
Trog was greatly pleased with you.
You were not hungry.

You visited 1 branch

Inventory:

Hand Weapons
 j - a +2 hand axe (weapon)
Armour
 b - a +0 animal skin (worn)
Scrolls
 i - a scroll of blinking
 k - 3 scrolls of remove curse
 l - a scroll of summoning
Potions
 a - 2 potions of invisibility
 d - a potion of curing
 e - a potion of heal wounds
 f - a potion of haste
 g - 4 potions of magic
 h - 3 potions of berserk rage
Comestibles
 c - 9 rations


   Skills:
 + Level 6.1 Fighting
 + Level 5.1 Axes
 + Level 3.2 Armour
 + Level 2.9 Dodging


You had 3 spell levels left.
You didn't know any spells.

Dungeon Overview and Level Annotations

Branches:
Dungeon (1/1)

Altars:
Gozag
Hepliaklqana
Sif Muna
Trog
Jiyva


Innate Abilities, Weirdness & Mutations

You are resistant to torment.
Your stone body is resilient. (AC +3)
You are immune to poison.
You resist negative energy. (rN+)
You are resistant to electric shocks. (rElec)
You can survive without breathing.
You are immune to petrification.
You are immune to rotting.


Message History

No target in view!
You completely miss something. Something hits you but does no damage.
You hit something.
You hear some strange, mumbled words.
A puff of flame appears from out of thin air!
The puff of flame hits you!
You hit something. Something hits you but does no damage.
You closely miss something.
You hear some strange, mumbled words.
You are confused.
You completely miss something. Something hits you.
* * * LOW HITPOINT WARNING * * *
You're too confused to move!
Something hits you.
* * * LOW HITPOINT WARNING * * *
You completely miss something. Something hits you.
* * * LOW HITPOINT WARNING * * *
You hit something. Something hits you.
* * * LOW HITPOINT WARNING * * *
You closely miss something. Something hits you.
You die...

#.?(.')))'.##......#..#
##########.##..........
#......(....'..........
#+#####'#####......#..#
#. #.†)'.##..........
#..#...#.#####'#####+
#..#####.##.......#
#..))..#.##.......#
#..{@..).##.......#
#..########...<...# #.
#.......# # #.......#
#.......# #########


There were no monsters in sight!

Vanquished Creatures
  A worker ant (D)
  A gnoll (D)
  2 adders (D)
  An ooze (D)
  A leopard gecko (D)
  3 orcs (D)
  A bat skeleton (D)
  A kobold (D)
11 creatures vanquished.

Notes
Turn   | Place    | Note
-------+----------+-------------------------------------------
     0 | D        | Fang the Gargoyle Berserker began the quest for the Orb.
     0 | D        | Reached XP level 1. HP: 14/14 MP: 1/1
    11 | D        | Noticed a worker ant
    19 | D        | Killed a worker ant
    19 | D        | Reached skill level 5 in Fighting
    19 | D        | Reached XP level 2. HP: 10/21 MP: 2/2
   201 | D        | Found a bloodstained altar of Trog.
   201 | D        | Found a deep blue altar of Sif Muna.
   201 | D        | Found a viscous altar of Jiyva.
   201 | D        | Found a hazy altar of Hepliaklqana.
   201 | D        | Found an opulent altar of Gozag.
   236 | D        | Reached XP level 3. HP: 22/26 MP: 3/3
   239 | D        | Reached ** piety under Trog
   290 | D        | Reached *** piety under Trog
   292 | D        | Reached skill level 6 in Fighting
   292 | D        | Reached XP level 4. HP: 21/32 MP: 4/4
   293 | D        | Reached skill level 5 in Axes
   294 | D        | Reached **** piety under Trog
   303 | D        | Slain by an orc wizard

Skill      XL: |  1  2  3  4 |
---------------+-------------+-----
Fighting       | 5 6 |  6.1
Axes           | 4 5 |  5.1
Dodging        | 2 |  2.9
Armour         | 3 |  3.2

Action                   |  1- 3 |  4- 6 || total
-------------------------+-------+-------++-------
Melee: Hand axe          |    22 |    10 ||    32
Invok: Berserk           |     1 |       ||     1
Armor: Animal skin       |     8 |     2 ||    10
Dodge: Dodged            |    23 |     2 ||    25
